Map: 10000 Feet AMD Debug

Players

DmitryK - Winner!

  • Race: Terran Terran
  • Spawn Location: 11:00

ИИ 1 (знаток)

  • Race: Zerg Zerg
  • Spawn Location: 5:00

VOD

Have the link to the VOD?

Description

Time

  • Played on: Jan. 3, 2026, 10:34 a.m.
  • Length: 16:46
Show
View Real Time Build Order
Export as new Build Order

DmitryK Terran - Winner!

Build Orders: Hellion Banshee, Mech 

Get SALT Encoding   

  12  0:00  SCV  
  13  0:12  SCV  
  14  0:17  Supply Depot  
  14  0:24  SCV  
  14  0:28  Refinery  
  15  0:38  SCV  
  16  0:45  Barracks  
  16  0:50  SCV  
  17  1:03  SCV  
  18  1:15  SCV  
  19  1:27  SCV  
  19  1:32  Reaper  
  21  1:39  SCV  
  22  1:41  Command Center  
  22  1:49  Factory  
  22  1:52  SCV  
  23  2:09  Supply Depot  
  23  2:11  Barracks Reactor  
  23  2:14  Refinery  
  23  2:19  Orbital Command  
  23  2:44  Starport  
  23  2:50  SCV  
  24  2:54  Hellion x2  
  24  2:56  Barracks Tech Lab  
  28  3:00  SCV  
  28  3:02  SCV  
  30  3:16  Hellion x2  
  34  3:20  Orbital Command  
  34  3:27  Viking  
  34  3:33  Barracks Tech Lab  
  36  3:34  Orbital Command  
  36  3:35  SCV  
  36  3:39  Hellion  
  39  3:47  SCV  
  42  3:56  Hellion  
  42  3:59  SCV  
  42  4:01  Barracks Tech Lab  
  42  4:02  SCV  
  44  4:03  Cloaking Field  
  44  4:11  SCV  
  44  4:15  Supply Depot  
  44  4:17  Supply Depot  
  45  4:19  SCV  
  46  4:36  SCV x2, Barracks Tech Lab, Banshee  
  46  4:37  Hellion  
  53  4:43  Hellion  
  55  4:49  SCV x2  
  57  4:57  Command Center  
  57  5:01  SCV x2  
  59  5:09  Supply Depot x2  
  59  5:12  Factory  
  59  5:16  Factory  
  59  5:17  SCV  
  59  5:21  Refinery, Hellion, Barracks Tech Lab  
  62  5:26  Hellion, Banshee  
  68  5:28  SCV  
  68  5:29  Refinery  
  68  5:36  SCV  
  68  5:39  Armory  
  69  5:43  Armory  
  69  5:48  SCV x2  
  71  6:01  SCV  
  72  6:06  Factory  
  72  6:08  Factory, SCV  
  73  6:13  Banshee  
  73  6:15  SCV  
  77  6:20  Siege Tank  
  77  6:24  SCV  
  81  6:27  SCV  
  81  6:29  Engineering Bay  
  83  6:40  Siege Tank  
  83  6:48  Terran Vehicle And Ship Armor Level 1, Terran Vehicle Weapons Level 1  
  83  6:50  SCV  
  83  6:53  Supply Depot  
  84  6:54  SCV  
  84  6:57  Banshee  
  88  7:02  Orbital Command  
  88  7:03  SCV  
  88  7:06  SCV, Refinery  
  90  7:09  Siege Tank  
  90  7:15  SCV  
  94  7:18  SCV  
  94  7:22  Refinery, Siege Tank  
  98  7:27  SCV  
  99  7:30  SCV  
  99  7:34  Siege Tank  
  103  7:37  Supply Depot  
  103  7:39  SCV  
  103  7:41  SCV  
  103  7:43  SCV, Siege Tank  
  109  7:51  SCV, Banshee  
  110  7:57  Command Center  
  113  8:02  SCV  
  113  8:04  Missile Turret  
  114  8:08  Missile Turret  
  114  8:10  Siege Tank  
  114  8:11  Starport  
  117  8:14  Siege Tank  
  120  8:22  Siege Tank  
  120  8:23  Missile Turret  
  120  8:25  Supply Depot  
  123  8:32  Missile Turret  
  123  8:41  Missile Turret  
  123  8:42  SCV  
  123  8:45  Supply Depot  
  123  8:46  Supply Depot  
  123  8:47  Siege Tank x2  
  130  8:53  Siege Tank  
  130  8:55  Starport Tech Lab  
  133  9:04  Refinery  
  133  9:05  SCV x2, Banshee  
  133  9:08  Refinery  
  138  9:10  Orbital Command  
  138  9:16  Terran Vehicle Weapons Level 2  
  138  9:17  Factory Tech Lab  
  138  9:19  SCV, Siege Tank  
  138  9:20  Command Center  
  138  9:21  SCV  
  149  9:39  Raven  
  151  9:46  Orbital Command  
  151  9:53  Supply Depot  
  151  9:57  Thor  
  151  9:58  Thor  
  157  10:00  Refinery  
  157  10:01  Terran Vehicle And Ship Armor Level 2  
  157  10:03  SCV  
  158  10:10  Banshee  
  161  10:16  Command Center  
  161  10:17  Neosteel Armor  
  161  10:19  SCV  
  162  10:22  SCV  
  162  10:27  Refinery  
  159  10:30  Thor  
  159  10:35  SCV  
  162  10:43  Banshee  
  162  10:48  SCV  
  166  10:53  SCV  
  166  10:54  Raven  
  169  10:59  SCV  
  169  11:00  Missile Turret  
  169  11:03  Command Center  
  170  11:09  Thor  
  176  11:20  Missile Turret  
  176  11:21  Smart Servos  
  176  11:24  Infernal Pre-Igniter  
  176  11:26  Banshee  
  176  11:27  Refinery  
  176  11:30  Refinery  
  176  11:31  Thor  
  185  11:36  Missile Turret  
  185  11:46  Thor  
  191  11:47  Planetary Fortress  
  191  11:57  Hi-Sec Auto Tracking  
  191  12:05  Orbital Command  
  191  12:18  Thor  
  197  12:24  Banshee  
  197  12:26  Orbital Command  
  200  12:34  Command Center  
  200  12:37  Terran Vehicle And Ship Armor Level 3, Terran Vehicle Weapons Level 3  
  200  12:40  Command Center  
  200  12:44  Missile Turret  
  199  13:09  Thor  
  199  13:11  Thor  
  199  13:12  Hellbat x2  
  191  13:46  Thor x2  
  117  13:48  Orbital Command  
  200  13:53  Factory  
  200  14:03  Missile Turret, Planetary Fortress  
  200  14:20  Missile Turret  
Show
View Real Time Build Order
Export as new Build Order

ИИ 1 (знаток) Zerg 

Build Orders: 1 Base Baneling Bust, Pool First, Lurkers 

Get SALT Encoding   

  12  0:00  Drone  
  13  0:12  Overlord  
  13  0:16  Drone  
  14  0:30  Drone  
  14  0:31  Drone  
  16  0:43  Spawning Pool  
  16  0:44  Drone  
  16  0:49  Drone  
  17  0:51  Extractor  
  17  0:55  Drone  
  17  1:06  Overlord  
  17  1:31  Zergling x2, Queen  
  20  1:37  Roach Warren  
  20  1:38  Drone  
  20  1:43  Zergling x2  
  20  1:44  Extractor  
  20  1:49  Drone  
  21  2:00  Drone  
  22  2:10  Lair  
  22  2:12  Drone  
  23  2:25  Drone  
  24  2:33  Overlord  
  24  3:10  Hydralisk Den, Drone  
  24  3:38  Hydralisk  
  24  3:40  Lurker Den, Drone  
  26  3:44  Overlord  
  26  3:49  Hydralisk  
  28  4:01  Hydralisk  
  28  4:02  Drone x2  
  32  4:03  Drone  
  32  4:05  Evolution Chamber  
  32  4:08  Drone  
  33  4:12  Hydralisk, Overlord  
  35  4:18  Drone  
  35  4:21  Drone  
  37  4:31  Drone  
  38  4:34  Baneling Nest  
  37  4:38  Lurker x2  
  37  4:41  Hydralisk  
  41  4:49  Drone  
  41  4:52  Hydralisk  
  42  4:55  Overlord  
  44  5:04  Hydralisk  
  46  5:15  Hydralisk  
  48  5:46  Roach, Zerg Melee Weapons Level 1  
  48  5:48  Spore Crawler, Drone  
  50  5:54  Spore Crawler  
  50  5:56  Drone  
  50  6:07  Hatchery  
  50  6:08  Drone  
  50  6:17  Burrow  
  50  6:19  Zergling x2  
  43  6:28  Roach  
  40  6:37  Hydralisk  
  39  6:53  Spine Crawler  
  38  7:00  Spine Crawler  
  37  7:04  Lurker, Ravager  
  39  7:11  Hydralisk  
  41  7:19  Queen  
  41  7:20  Drone x4  
  41  7:21  Drone x2  
  49  7:23  Roach, Drone  
  49  7:24  Drone  
  53  7:30  Drone  
  53  7:32  Drone  
  55  7:40  Zerg Ground Armor Level 1, Drone  
  55  7:43  Extractor, Drone  
  56  7:51  Drone  
  56  7:53  Drone  
  56  7:54  Hydralisk  
  56  7:55  Drone, Overlord  
  61  8:02  Drone  
  61  8:05  Drone  
  63  8:13  Lurker, Drone  
  63  8:16  Drone  
  66  8:21  Extractor  
  66  8:23  Drone  
  66  8:25  Hydralisk  
  66  8:26  Overlord, Drone  
  69  8:34  Hydralisk  
  69  8:35  Lurker  
  69  8:36  Overseer, Spore Crawler  
  69  8:37  Drone  
  72  8:44  Drone x2  
  72  8:45  Hydralisk, Spore Crawler, Overlord  
  75  8:57  Hydralisk, Drone  
  75  8:58  Drone  
  75  9:01  Queen  
  81  9:09  Infestation Pit  
  80  9:10  Spine Crawler  
  80  9:11  Drone  
  80  9:18  Spine Crawler, Drone  
  80  9:24  Spire, Drone  
  80  9:30  Evolution Chamber  
  80  9:31  Drone  
  80  9:35  Zerg Missile Weapons Level 1  
  80  9:45  Overseer  
  80  10:04  Roach, Pneumatized Carapace, Overlord  
  82  10:08  Infestor  
  82  10:10  Overseer  
  82  10:12  Hatchery  
  85  10:14  Roach  
  85  10:19  Roach  
  87  10:24  Roach  
  87  10:26  Overlord  
  75  10:28  Infestor  
  75  10:34  Roach  
  64  10:39  Roach  
  66  10:44  Roach  
  66  10:49  Zergling x2  
  69  10:54  Roach  
  69  10:55  Overseer  
  71  10:58  Hydralisk  
  71  11:03  Hydralisk  
  75  11:04  Overlord  
  75  11:08  Hydralisk  
  77  11:14  Roach  
  79  11:19  Roach  
  79  11:24  Roach, Drone  
  79  11:25  Drone  
  85  11:26  Drone  
  85  11:28  Drone  
  85  11:29  Roach  
  85  11:31  Drone  
  90  11:33  Hydralisk, Overlord, Drone  
  90  11:35  Extractor  
  90  11:38  Hydralisk  
  90  11:39  Drone  
  95  11:41  Drone  
  95  11:42  Drone  
  95  11:43  Hydralisk  
  95  11:44  Drone  
  95  11:46  Drone  
  101  11:48  Drone  
  101  11:49  Infestor, Drone  
  101  11:50  Hive  
  101  11:54  Infestor  
  105  11:58  Overlord  
  105  12:00  Drone  
  105  12:01  Drone  
  109  12:03  Drone  
  109  12:04  Drone  
  111  12:13  Zerg Melee Weapons Level 2  
  111  12:24  Extractor  
  111  12:25  Drone  
  111  12:29  Zerg Ground Armor Level 2  
  111  12:32  Spore Crawler  
  111  12:33  Drone  
  111  12:34  Spore Crawler  
  111  12:35  Drone  
  111  12:38  Overlord, Queen  
  113  12:48  Glial Reconstitution  
  113  12:55  Zerg Flyer Weapons Level 1  
  113  12:59  Spine Crawler  
  113  13:00  Drone  
  113  13:01  Viper, Spine Crawler, Drone  
  113  13:05  Roach  
  116  13:06  Queen  
  116  13:07  Overseer  
  116  13:10  Zergling x2  
  74  13:15  Roach  
  74  13:20  Roach  
  74  13:22  Zergling x2, Mutalisk  
  73  13:32  Zergling x2  
  73  13:33  Zergling x2  
  59  13:34  Zergling x2  
  59  13:35  Zergling x2  
  59  13:37  Mutalisk  
  59  13:39  Zergling x2  
  60  13:44  Roach  
  60  13:45  Roach  
  60  13:46  Roach  
  66  13:51  Hydralisk  
  57  13:56  Infestor  
  57  13:58  Overseer  
  57  13:59  Overseer  
  57  14:02  Roach  
  58  14:05  Hatchery  
  58  14:06  Drone  
  58  14:07  Roach  
  60  14:11  Roach  
  60  14:13  Hydralisk, Extractor  
  60  14:15  Ravager x2  
  60  14:16  Drone  
  66  14:18  Hydralisk  
  66  14:23  Hydralisk  
  70  14:25  Overseer  
  70  14:27  Roach  
  70  14:30  Roach  
  74  14:34  Roach  
  74  14:36  Drone  
  77  14:39  Drone  
  77  14:41  Drone  
  77  14:45  Roach  
  81  14:52  Ravager  
  33  15:19  Roach  
  33  15:20  Drone  
  35  15:25  Hydralisk, Zergling x2  
  35  15:26  Roach  
  7  16:10  Drone  
  7  16:16  Drone  
  6  16:22  Drone  
  5  16:26  Drone  
  5  16:27  Drone  
Tags
 
Add a new tag
Caveats
  • Supply blocks, unpowered buildings, or Contaminate may cause inaccurate times.
  • Supply counts are checked every 10 seconds.